 Dungeon Crawl Stone Soup version 0.19.4-10-g532645f (webtiles) character file.

535 Megalobster the Conjurer (level 7, 0/36 HPs)
             Began as a Deep Elf Conjurer on Feb 24, 2017.
             Was an Initiate of Vehumet.
             Slain by an orc wizard
             ... wielding a +0 dagger
              (3 damage)
             ... on level 5 of the Dungeon on Feb 26, 2017.
             The game lasted 00:19:20 (4182 turns).

Megalobster the Conjurer (Deep Elf Conjurer)        Turns: 4182, Time: 00:19:21

Health: 0/36       AC:  5    Str:  5    XL:     7   Next: 4%
Magic:  2/17       EV: 13    Int: 22    God:    Vehumet [......]
Gold:   149        SH:  0    Dex: 15    Spells: 5 memorised, 2 levels left

rFire  . . .     SeeInvis .     o - staff of wizardry
rCold  . . .     Gourm    .     a - +0 robe
rNeg   . . .     Faith    .     (no shield)
rPois  .         Spirit   .     k - +2 hat
rElec  .         Reflect  .     q - +0 cloak
rCorr  .         Harm     .     (no gloves)
MR     .....                    (no boots)
Stlth  ++........               (no amulet)
                                s - ring of ice
                                m - ring of fire

@: no status effects
A: no striking features
a: Renounce Religion


You were on level 5 of the Dungeon.
You worshipped Vehumet.
Vehumet was noncommittal.
You were hungry.

You visited 2 branches of the dungeon, and saw 6 of its levels.

You collected 149 gold pieces.

Inventory:

Armour
 a - a +0 robe (worn)
 k - a +2 hat (worn)
 q - a +0 cloak (worn)
Magical Staves
 o - an uncursed staff of wizardry (weapon)
Jewellery
 m - a ring of fire (left hand)
 s - a ring of ice (right hand)
Scrolls
 g - a scroll of enchant armour {unknown}
 i - 3 scrolls of fog {unknown}
 j - a scroll of identify {unknown}
 l - 3 scrolls of remove curse {unknown}
 p - 3 scrolls of teleportation {unknown}
 w - a scroll of amnesia {unknown}
Potions
 e - a potion of berserk rage {unknown}
 h - 2 potions of agility {unknown}
 n - 2 potions of curing {unknown}
 t - 2 potions of ambrosia {unknown}
 u - 3 potions of heal wounds {unknown}
 v - 2 potions of degeneration {unknown}
Books
 b - a book of Conjurations

   Spells                             Type                      Level
   a - Magic Dart                     Conjuration                  1
   b - Searing Ray                    Conjuration                  2
   c - Dazzling Spray                 Conjuration/Hexes            3
   d - Fulminant Prism                Conjuration/Hexes            4
   e - Iskenderun's Mystic Blast      Conjuration                  4
   f - Iskenderun's Battlesphere      Conjuration/Charms           5
Comestibles
 c - 6 bread rations
 d - 2 slices of pizza
 f - 3 meat rations
 r - 5 fruits


   Skills:
 - Level 2.4 Dodging
 - Level 2.4 Stealth
 + Level 5.5 Spellcasting
 * Level 7.5 Conjurations
 * Level 4.8 Charms


You had 2 spell levels left.
You knew the following spells:

 Your Spells              Type           Power        Failure   Level  Hunger
a - Magic Dart            Conj           ####         1%          1    None
b - Searing Ray           Conj           #####.       1%          2    None
c - Dazzling Spray        Conj/Hex       ###...       3%          3    ##.....
d - Iskenderun's Battles  Conj/Chrm      ####....     9%          5    #####..
e - Iskenderun's Mystic   Conj           #####...     2%          4    ####...


Dungeon Overview and Level Annotations

Branches:
Dungeon (5/15)             Temple (1/1) D:5

Altars:
Cheibriados
Elyvilon
Gozag
Kikubaaqudgha
Makhleb
Nemelex Xobeh
Okawaru
Ru
Sif Muna
Uskayaw
Vehumet
Xom
Zin
The Shining One


Message History

You completely miss something. Something hits you.
You hear some strange, mumbled words.
A puff of flame appears from out of thin air!
The puff of flame misses you.
You closely miss something.
Something hits you but does no damage. x2
You miss something.
You hear some strange, mumbled words.
A puff of frost appears from out of thin air!
The puff of frost hits you!
* * * LOW HITPOINT WARNING * * *
Something hits you but does no damage.
Casting: Iskenderun's Mystic Blast
Confirm with . or Enter, or press ? or * to list all spells.
You don't have enough magic to cast that spell.
You miss something. Something hits you.
* * * LOW HITPOINT WARNING * * *
Something hits you.
* * * LOW HITPOINT WARNING * * *
You hit something but do no damage. Something hits you.
You die...

...###....# #... .⌠.#......#
##... ...#......# #....
..........# #### #....
)#....#...# #### ####..####..#.
..##..#..P####..####...........#.
........................o........
#####..........[.####......#....#
#..#.#######@####......#...##
#..#..# #.{##.............
#..##.. ###..........#####. #..
##.####....>.........# ^ #..
#.......#####......### #.......#
#......# #......># #......#
#...(...# #......^_ #.......#
########..


There were no monsters in sight!

Vanquished Creatures
  A black bear (D:3)
  A phantom (D:4)
  A crimson imp (D:5)
  A hound (D:5)
  An orc priest (D:5)
  3 orc wizards
  A worker ant (D:4)
  4 adders
  A gnoll (D:1)
  A shadow imp (D:4)
  An ooze (D:4)
  2 worms
  5 dart slugs
  10 orcs
  8 bats
  11 giant cockroaches
  6 goblins
  6 hobgoblins
  10 kobolds
  A quokka (D:4)
  2 ball pythons
  2 frilled lizards (D:3)
  13 rats
92 creatures vanquished.

Notes
Turn   | Place    | Note
-------+----------+-------------------------------------------
     0 | D:1      | Megalobster the Deep Elf Conjurer began the quest for the Orb.
     0 | D:1      | Reached XP level 1. HP: 10/10 MP: 6/6
   211 | D:1      | Reached XP level 2. HP: 15/15 MP: 4/8
   215 | D:1      | Learned a level 2 spell: Searing Ray
   325 | D:1      | Reached skill level 5 in Conjurations
   641 | D:1      | Reached XP level 3. HP: 17/19 MP: 6/10
  1129 | D:2      | Learned a level 3 spell: Dazzling Spray
  1340 | D:2      | Reached XP level 4. HP: 24/24 MP: 8/11
  1840 | D:3      | Reached skill level 6 in Conjurations
  2251 | D:3      | Reached XP level 5. HP: 25/28 MP: 5/13
  2258 | D:3      | Learned a level 5 spell: Iskenderun's Battlesphere
  2618 | D:3      | Noticed a black bear
  2622 | D:3      | Killed a black bear
  2859 | D:4      | Reached XP level 6. HP: 32/32 MP: 6/15
  3085 | D:4      | Reached skill level 5 in Spellcasting
  3085 | D:4      | Reached skill level 7 in Conjurations
  3332 | D:4      | Learned a level 4 spell: Iskenderun's Mystic Blast
  3734 | D:5      | Entered Level 5 of the Dungeon
  3737 | D:5      | Found an opulent altar of Gozag.
  3799 | D:5      | Found a staircase to the Ecumenical Temple.
  3918 | Temple   | Entered the Ecumenical Temple
  3964 | Temple   | Became a worshipper of Vehumet
  4148 | D:5      | Reached XP level 7. HP: 36/36 MP: 3/17
  4161 | D:5      | Found a shimmering altar of Xom.
  4182 | D:5      | Slain by an orc wizard

Skill      XL: |  1  2  3  4  5  6 |
---------------+-------------------+-----
Conjurations   | 5 6 7 |  7.5
Spellcasting   | 4 5 |  5.5
Charms         | 2 4 |  4.8
Dodging        | |  2.4
Stealth        | |  2.4

Action                   |  1- 3 |  4- 6 |  7- 9 || total
-------------------------+-------+-------+-------++-------
Melee: Dagger            |    16 |       |       ||    16
       Staff             |       |       |     7 ||     7
 Cast: Magic Dart        |    62 |    81 |     3 ||   146
       Searing Ray       |     5 |    14 |       ||    19
       Dazzling Spray    |       |     3 |       ||     3
       Iskenderun's Myst |       |     4 |     1 ||     5
       Iskenderun's Batt |       |     2 |       ||     2
  Eat: Chunk             |     1 |     6 |       ||     7
       Royal jelly       |       |     1 |       ||     1
       Pizza             |       |     1 |       ||     1
Armor: Robe              |     1 |     4 |     4 ||     9
Dodge: Dodged            |    21 |     6 |     1 ||    28
